Unix NetHack Version 5.0.0-0 post-release - last build May 23 2026 06:08:33 (1c0ff79ee797540d5714e4e18072db0edd9e58ae,branch:main).

Game began 2026-05-24 03:26:51, ended 2026-05-26 02:44:53.

Eldrich, lawful male human Archeologist

        ---------
        |......?|         --------
        |........         |......|
        |.......|         |......|
        |.....`.|         |)...{.|      ----------
        |.....<.|         |.......###   |........|
       #-.......-#        -----|--  #   |.........################
       #---------#             #    ####|.....{..|# ######     --.----
       #         #             ###     #|..<.....|#            ......|
       #         ##              #     #...^.....|#            |...o.|
       ##         ##            ####    ----------#            |...@.|
        #          #   -+--------|-############`  #            |.---V|
   -----#          #   |..........|            ####            |.|...|
   |{..|#          #   |..........|                            |.---.|
   |>...#          #   |..........|                            |.....|
   |..*|           ##  |..........|                            |.....|
   -----            ###.`....[....|                            |.....|
                       -+----------                            -------

Eldrich the Field Worker   St:11 Dx:11 Co:10 In:18 Wi:16 Ch:9  Lawful
Dlvl:6  $:99 HP:0(36) Pw:14(14) AC:7  Xp:4 T:1836 

Latest messages:
 You hit the rock with all your might.
 You make an opening in the wall.
 The vampire bat bites!
 The vampire bat bites again!
 You hit the vampire bat.
 The vampire bat bites!
 The vampire bat bites again!
 The vampire bat bites!
 The vampire bat bites again!
 The vampire bat bites!
 The vampire bat bites again!
 The vampire bat bites!
 The vampire bat bites again!
 What do you want to drink? [osy or ?*] s
 You feel much better.
 The vampire bat bites!
 The vampire bat bites again!
 The vampire bat bites!
 The vampire bat bites again!
 The vampire bat's bite was poisoned!
 You feel weaker!
 You hit the vampire bat!
 The vampire bat bites!
 The vampire bat bites again!
 You hit the vampire bat!
 The vampire bat bites!
 The vampire bat bites again!
 The vampire bat bites!
 The vampire bat bites again!
 You miss the vampire bat.
 The vampire bat bites!
 The vampire bat bites again!
 The vampire bat bites!
 The vampire bat bites again!
 You miss the vampire bat.
 The vampire bat bites!
 The vampire bat bites again!
 You hit the vampire bat!
 The hobgoblin wields a curved sword!
 The vampire bat bites!
 The vampire bat bites again!
 You kill the vampire bat!
 The seemingly dead vampire bat suddenly transforms and rises as a vampire lord!
 The vampire lord hits!
 You die...
 Do you want your possessions identified? [ynq] (y) y
 Do you want to see your attributes? [ynq] (y) y
 Do you want an account of creatures vanquished? [ynaq] (y) y
 Do you want to see your conduct and achievements? [ynq] (y) y
 Do you want to see the dungeon overview? [ynq] (y) n

Inventory:
 Coins    ('$')
  $ - 99 gold pieces
 Amulets  ('"')
  A - a cursed amulet of change
 Weapons  (')')
  a - a +2 bullwhip (alternate weapon; not wielded)
 Armor    ('[')
  c - an uncursed +0 fedora (being worn)
  u - a blessed +0 orcish shield (being worn)
  b - an uncursed +0 leather jacket (being worn)
 Comestibles  ('%')
  v - an uncursed slime mold
  d - 4 uncursed food rations
  z - 2 uncursed fortune cookies
  t - an uncursed lembas wafer
 Scrolls  ('?')
  l - a blessed scroll of destroy armor
  m - an uncursed scroll of enchant armor
  n - a cursed scroll of scare monster
  j - an uncursed scroll of teleportation
 Potions  ('!')
  y - a blessed potion of confusion
  o - an uncursed potion of healing
 Rings    ('=')
  q - an uncursed +1 ring of adornment (on right hand)
  p - an uncursed ring of conflict
  k - an uncursed +1 ring of protection (on left hand)
 Tools    ('(')
  h - an empty uncursed sack
  B - an empty uncursed sack
  i - a magic marker (0:19)
  e - a +0 pick-axe (weapon in right hand)
  f - a tinning kit (0:58)
 Gems/Stones  ('*')
  g - an uncursed touchstone

Eldrich the Archeologist's attributes:

Background:
 You were a Field Worker, a level 4 male human Archeologist.
 You were lawful, nominally on a mission for Quetzalcoatl
 who was opposed by Camaxtli (neutral) and Huhetotl (chaotic).
 You were right-handed.
 You were in the Dungeons of Doom, on level 6.
 You entered the dungeon 1836 turns ago.
 It was nighttime.
 You had 92 experience points, 68 more were needed to attain level 5.

Basics:
 You had 0 out of 36 hit points.
 You had all 14 energy points (spell power).
 Your armor class was 7.
 Your wallet contained 99 zorkmids.
 Autopickup was off.

Final Characteristics:
 Your strength was 11 (peak:15, limit:18/100).
 Your dexterity was 11 (limit:18).
 Your constitution was 10 (limit:18).
 Your intelligence was 18 (limit:18).
 Your wisdom was 16 (limit:18).
 Your charisma was 9 (base:8, limit:18).

Final Status:
 You weren't hungry.
 You were unencumbered.
 You were wielding a pick-axe.
 You had basic skill with pick-axe.

Final Attributes:
 You were devoutly aligned.
 You had automatic searching.
 You were more charismatic.
 You had a small defense bonus (+1).
 You were warded.
 You were lucky.
 You are dead.

Miscellaneous:
 You didn't encounter any bones levels.
 Total elapsed playing time was 25 minutes and 39 seconds.

Major events:
 Turn
    1: Eldrich the lawful male human Archeologist entered the dungeon
  735: attained the rank of Field Worker (level 3)
 1147: entered the Gnomish Mines
 1836: killed by a vampire lord

You didn't know any spells.

Skills:
 Fighting Skills
   bare handed combat [Unskilled]
   two weapon combat  [Unskilled]
   riding             [Unskilled]
 Weapon Skills
   dagger             [Unskilled]
   knife              [Unskilled]
   pick-axe           [Basic]
   short sword        [Unskilled]
   saber              [Unskilled]
   club               [Unskilled]
   quarterstaff       [Unskilled]
   sling              [Unskilled]
   dart               [Unskilled]
   boomerang          [Unskilled]
   whip               [Basic]
   unicorn horn       [Unskilled]
 Spellcasting Skills
   attack spells      [Unskilled]
   healing spells     [Unskilled]
   divination spells  [Unskilled]
   matter spells      [Unskilled]

Voluntary challenges:
 Character rerolling was not enabled.
 You followed a strict vegan diet.
 You were an atheist.
 You never genocided any monsters.
 You never polymorphed an object.
 You never changed form.
 You used no wishes.
Achievements:
 You attained the rank of Field Worker.
 You entered a shop.
 You entered the Gnomish Mines.

 The Dungeons of Doom: levels 1 to 7
    Level 1:
    Level 2:
       A food shop, some fountains.
    Level 3:
    Level 4:
       A general store, some fountains, a sink.
       Stairs down to The Gnomish Mines.
    Level 5:
    Level 6: <- You were here.
       Many fountains.
       Final resting place for
          you, killed by a vampire lord.
    Level 7:
 The Gnomish Mines:
    Level 5:


Vanquished creatures:
  a rock piercer
  a shrieker
  a hill orc
 an orc zombie
  a large kobold
  a giant rat
  a green mold
  a garter snake
  a gnome zombie
  a gecko
  3 jackals
  2 foxes
  3 goblins
  3 grid bugs
  a bat
  3 lichens
  5 newts
30 creatures vanquished.

No species were genocided or became extinct.

Game over:
                       ----------
                      /          \
                     /    REST    \
                    /      IN      \
                   /     PEACE      \
                  /                  \
                  |     Eldrich      |
                  |      99 Au       |
                  |   killed by a    |
                  |   vampire lord   |
                  |                  |
                  |                  |
                  |       2026       |
                 *|     *  *  *      | *
        _________)/\\_//(\/(/\)/\//\/|_)_______

Goodbye Eldrich the Archeologist...

You died in The Dungeons of Doom on dungeon level 6 with 758 points,
and 99 pieces of gold, after 1836 moves.
You were level 4 with a maximum of 36 hit points when you died.

